AoeStats
← Negro Raymundo

Nomad

508586169Analyzed
3v3 RM · 11d ago on Sep 23, 2026· 48m 36s· 6 players
Game mode
Random Map
Map size
210×210
Population
200
Speed
Normal
Resources
Standard
Victory
Conquest
Starting age
Dark Age
Ending age
Imperial Age
RankedLock teamsTeams togetherTeam positionsShared explorationLock speedFull tech treeHidden civsTurbo modeCheats
Victory
Defeat
🇨🇴 Mongols · Colombia
1788
+7
🇨🇴 Vietnamese · Colombia
1746
+9
🇨🇴 Spanish · Colombia
1687
+11
🇦🇷 Saxons · Argentina
1586
-9
🇳🇿 Italians · New Zealand
1570
-9
🇦🇷 Varangians · Argentina
1564
-9
_29_3ffect_Arg
3:59 Loom
13:03 Feudal Age
13:43 Double-Bit Axe
15:18 Fishing Lines
21:46 Castle Age
21:25 Gold Mining
22:49 Medium Warships
24:29 Wheelbarrow
23:39 Town Watch
24:08 Bow Saw
24:52 Fletching
27:41 Gillnets
30:17 Horse Collar
33:15 Forging
37:33 Scale Barding Armor
44:18 Imperial Age
43:29 Hand Cart
44:08 Chain Barding Armor
44:24 Iron Casting
45:57 Bloodlines
45:49 Husbandry
45:09 Cavalier
46:56 Plate Barding Armor
47:58 Conscription
mmmbokchoi
10:56 Loom
13:28 Feudal Age
14:18 Double-Bit Axe
17:12 Castle Age
16:04 Gold Mining
16:56 Fletching
18:05 Medium Warships
18:21 Bow Saw
19:16 Bodkin Arrow
22:10 Padded Archer Armor
22:19 Fishing Lines
22:15 Elite Skirmisher
25:28 Leather Archer Armor
27:30 Town Watch
31:34 Wheelbarrow
32:51 Ballistics
38:01 Horse Collar
39:22 Hand Cart
43:08 Imperial Age
43:45 Imperial Age
41:29 Treadmill Crane
41:56 Stone Mining
43:39 Thumb Ring
45:01 Bracer
46:06 Hand Cart
46:55 Elite Genoese Crossbowman
49:48 Chemistry
_38_VirusBox_Arg
3:50 Loom
14:43 Feudal Age
15:21 Town Watch
18:27 Castle Age
16:49 Double-Bit Axe
19:55 Wheelbarrow
23:00 Fishing Lines
24:44 Fletching
25:28 Gillnets
25:39 Bodkin Arrow
28:58 Ballistics
31:15 Padded Archer Armor
33:49 Thumb Ring
34:31 Horse Collar
36:25 Bloodlines
36:15 Husbandry
40:32 Husbandry
41:43 Leather Archer Armor
41:45 Scale Mail Armor
44:05 Chain Mail Armor
44:31 Masonry
44:52 Gold Mining
45:50 Forging
48:27 Hand Cart
[CLB]PEGASO
10:23 Loom
12:23 Feudal Age
14:22 Fletching
25:00 Castle Age
24:07 Double-Bit Axe
24:16 Gold Mining
25:42 Bodkin Arrow
27:23 Medium Warships
27:47 Ballistics
30:15 Careening
30:44 Bow Saw
38:25 Imperial Age
37:28 Padded Archer Armor
38:52 Leather Archer Armor
38:29 Elite Skirmisher
39:13 Bracer
40:14 Chemistry
39:14 Imperial Skirmisher
42:17 Horse Collar
44:58 Bloodlines
44:49 Husbandry
45:29 Scale Barding Armor
45:35 Forging
46:33 Chain Barding Armor
47:37 Wheelbarrow
46:37 Elite Battle Elephant
NuMa | Toth
7:14 Loom
13:20 Feudal Age
14:00 Town Watch
16:56 Castle Age
14:47 Double-Bit Axe
15:20 Fletching
15:13 Fishing Lines
19:32 Horse Collar
20:30 Bodkin Arrow
25:47 Wheelbarrow
28:50 Padded Archer Armor
29:27 Bow Saw
29:09 Gold Mining
36:45 Imperial Age
34:31 Hand Cart
43:04 Bracer
45:14 Chemistry
44:34 Ballistics
44:56 Stone Mining
46:52 Conscription
46:48 Leather Archer Armor
47:20 Masonry
49:20 Bloodlines
49:10 Husbandry
49:18 Thumb Ring
49:39 Parthian Tactics
Negro Raymundo
4:11 Loom
13:56 Feudal Age
17:36 Castle Age
15:48 Gold Mining
15:52 Stone Mining
16:29 Double-Bit Axe
17:55 Fishing Lines
19:12 Horse Collar
27:10 Town Watch
27:37 Bow Saw
30:36 Heavy Plow
36:50 Imperial Age
35:12 Bloodlines
35:56 Husbandry
36:26 Scale Barding Armor
36:54 Cavalier
38:29 Chain Barding Armor
38:16 Gold Mining
39:04 Forging
41:14 Plate Barding Armor
41:53 Wheelbarrow
42:34 Iron Casting
44:45 Blast Furnace
44:32 Conscription
46:41 Two-Man Saw
46:06 Paladin
Connection lost

Rejoining the realm…

Still unreachable

The connection could not be restored.

Session expired

The server has moved on; the page needs a fresh start.